[Event "Serbian League Women 2024"]
[Site "Bajina Basta"]
[Date "2024.10.02"]
[Round "6.12"]
[White "Petrovic, Marija"]
[Black "Mijic, Sara"]
[Result "0-1"]
[ECO "D02"]
[WhiteElo "1898"]
[BlackElo "1993"]
[Annotator "NA RC"]
[PlyCount "78"]
[EventDate "2024.09.26"]
[EventType "team-tourn"]
[EventCountry "SRB"]
[SourceTitle "playchess.com"]
[Source "ChessBase"]
[SourceQuality "1"]
[TimeControl "40/5400+30:1800+30"]

1. Nf3 d5 2. b3 c5 3. e3 Nc6 4. d4 Bf5 5. Bb2 e6 6. a3 Nf6 7. Be2 Bd6 8. dxc5 Bxc5 9. Nbd2 $15 (9. b4 $11 Be7 10. Nbd2) 9... O-O 10. O-O (10. b4 $142 Bb6 11. O-O) 10... d4 11. exd4 Nxd4 12. b4 Bxc2 13. Qe1 Nxe2+ 14. Qxe2 Bd3 15. Qe1 Bb6 16. Qe5 Bxf1 17. Rxf1 Qd5 18. Qg3 Qf5 19. Nc4 Rfd8 20. Qh4 Rac8 21. Nxb6 axb6 22. Bd4 Nd5 23. Qg3 f6 24. h3 Nf4 25. Re1 Rc1 26. Rxc1 Ne2+ 27. Kh2 Nxg3 28. fxg3 Qb5 29. Bf2 e5 30. g4 e4 31. Ne1 h6 32. Bg3 Qe2 33. Rc7 Rd1 34. Rc8+ Kh7 35. Nc2 Qf1 36. Bb8 Qg1+ 37. Kg3 Rd3+ 38. Kf4 Qxg2 39. Kf5 e3 0-1

[Event "Serbian League Women 2024"]
[Site "Bajina Basta"]
[Date "2024.10.02"]
[Round "6.13"]
[White "Chelushkina, Irina"]
[Black "Bivol, Alina"]
[Result "0-1"]
[ECO "B01"]
[WhiteElo "2167"]
[BlackElo "2345"]
[Annotator "TA"]
[PlyCount "66"]
[EventDate "2024.09.26"]
[EventType "team-tourn"]
[EventCountry "SRB"]
[SourceTitle "playchess.com"]
[Source "ChessBase"]
[SourceQuality "1"]
[TimeControl "40/5400+30:1800+30"]

1. e4 d5 2. exd5 Qxd5 3. Nf3 Bg4 4. Be2 Nc6 5. O-O O-O-O 6. Nc3 Qd7 7. d3 e5 8. Be3 (8. Re1 $11) 8... f5 9. h3 Bxf3 10. Bxf3 Nd4 11. Re1 Nf6 12. Bxd4 exd4 13. Ne2 g5 14. Ng3 Bd6 {[%emt 0:02:48] Wards off Re5} 15. Qd2 g4 16. hxg4 fxg4 17. Be4 {[%emt 0:00:32] Strongly threatening Bf5.} Kb8 18. Qh6 Rhf8 19. Nf5 Bb4 20. Re2 Nxe4 21. dxe4 Qb5 22. Ng3 Bd6 {[%emt 0:10:07] aiming for ...Bxg3. Black is more active.} 23. Rae1 Bxg3 24. fxg3 Qc5 $36 {[%emt 0:01:04][%mdl 2048] Dodges e5. ...d3+ would now be deadly. Black is really pushing.} 25. Kh2 Qe5 26. Kg1 {[%emt 0:13:29] [#]} (26. Qd2 $17) 26... a6 ({But not} 26... Qxg3 27. e5 $11) ({Black should play} 26... Rf6 $1 $19 27. Qh4 Rdf8) 27. Qh4 {[%emt 0:03:02] This move loses the game for White.} (27. Qd2 $17) 27... Rd6 $19 {[%emt 0:06:43] ...Qc5 is the strong threat.} 28. Rf1 (28. a4 $142) 28... Rxf1+ 29. Kxf1 h5 {[%emt 0:01:04] White must now prevent ...d3.} 30. Kg1 d3 31. cxd3 Rxd3 {[%emt 0:00:13] ( -> ...Rd1+)} 32. Rf2 $2 (32. Re1 $19) 32... Rd1+ 33. Kh2 {[%emt 0:00:01] [#]} Qc5 $1 {[%emt 0:00:50] Weighted Error Value: White=0.49/Black=0.04 (flawless) .  Mistake:       	White=5     	Black=1      Inaccurate:     	White=1     	---        OK:         	White=9     	Black=14     Best:        	White=1     	Black=4} 0-1

[Event "Serbian League Women 2024"]
[Site "Bajina Basta"]
[Date "2024.10.02"]
[Round "6.14"]
[White "Velikic, Adela"]
[Black "Borisova, Ekaterina"]
[Result "1-0"]
[ECO "E65"]
[WhiteElo "2260"]
[BlackElo "2205"]
[Annotator "TA"]
[PlyCount "79"]
[EventDate "2024.09.26"]
[EventType "team-tourn"]
[EventCountry "SRB"]
[SourceTitle "playchess.com"]
[Source "ChessBase"]
[SourceQuality "1"]
[TimeControl "40/5400+30:1800+30"]

1. c4 c5 2. Nc3 Nc6 3. Nf3 g6 4. g3 Bg7 5. Bg2 Nf6 6. O-O O-O 7. d4 d6 8. dxc5 dxc5 9. Be3 Be6 10. Qa4 Nd7 11. Ng5 Bg4 12. Nge4 Nd4 13. Rfd1 {[%emt 0:15:25] Black has an edge.} Bxe2 14. Nxe2 Nxe2+ 15. Kh1 Nd4 16. Rac1 a5 17. Bh3 f5 {[%emt 0:06:32] ...Nb6 would now be deadly.} 18. Ng5 Nb6 {[%emt 0:04:01] Excellent horsemanship.} 19. Qa3 Qd6 {[%emt 0:00:59] Dodges Ne6} 20. Bg2 e5 21. Bxb7 Ra7 22. Bg2 e4 (22... h6 $11 23. Nf3 Qe7) 23. f3 $1 $14 h6 24. Nh3 exf3 25. Bxf3 {[%emt 0:00:01] Strongly threatening Bxd4.} g5 $2 (25... Kh7 $14) 26. Nf2 $2 ({White must play} 26. Bxd4 $18 Bxd4 27. Bd5+ Nxd5 28. Rxd4) 26... Re8 $2 (26... Qg6 $15 {stays ahead.} 27. Bxd4 Bxd4) 27. Bxd4 $18 {[%emt 0:01:22] White is clearly winning.} Bxd4 {[%emt 0:07:15] [#]} 28. Bd5+ $1 Nxd5 (28... Kg7 29. Rxd4) 29. Rxd4 Re2 30. Rxd5 Qb6 31. Rxf5 Qxb2 32. Qxb2 ({And not} 32. Qxc5 Qxc1+ 33. Kg2 Qb1 34. Qf8+ Kh7 35. Rf7+ Rxf7 36. Qxf7+ Kh8 37. Qf8+ Kh7 38. Qf7+ Kh8 39. Qf8+ Kh7 40. Qf7+ $11) 32... Rxb2 33. a3 Rd7 34. Kg1 Rdd2 35. Rc3 a4 36. Rcf3 Rb3 37. Kg2 Ra2 38. Rxc5 Rxf3 39. Kxf3 Rxa3+ 40. Ke4 {[%emt 0:00:30] Weighted Error Value: White=0.31/Black=0.58.  Loses game:     	---       	Black=2      Missed win:     	White=1     	---        Mistake:       	---       	Black=1      Inaccurate:     	White=2     	Black=2      OK:         	White=9     	Black=7      Best:        	White=3     	Black=2      Strong:       	White=1     	---        Brilliant:      	White=1     	---} 1-0

[Event "Serbian League Women 2024"]
[Site "Bajina Basta"]
[Date "2024.10.02"]
[Round "6.15"]
[White "Mihailova, Alina"]
[Black "Zhurova, Anna"]
[Result "0-1"]
[ECO "A50"]
[WhiteElo "1969"]
[BlackElo "2199"]
[Annotator "RC"]
[PlyCount "110"]
[EventDate "2024.09.26"]
[EventType "team-tourn"]
[EventCountry "SRB"]
[SourceTitle "playchess.com"]
[Source "ChessBase"]
[SourceQuality "1"]
[TimeControl "40/5400+30:1800+30"]

1. d4 Nf6 2. c4 b6 3. Nf3 Bb7 4. g3 g6 5. Bg2 Bg7 6. O-O O-O 7. Nc3 Ne4 8. Nxe4 Bxe4 9. b3 c5 10. Bb2 Nc6 11. e3 d5 12. Ne5 Nxe5 13. dxe5 Bxg2 14. Kxg2 dxc4 15. bxc4 Qc7 16. Qd5 Rad8 17. Qe4 Qd7 18. Qc2 Qe6 19. f4 Rd7 20. Rad1 Rfd8 21. Rxd7 Qxd7 22. Rf2 e6 23. e4 Bh6 24. g4 Qd3 25. g5 Qxc2 26. Rxc2 Bf8 27. Re2 Be7 28. h4 Rd3 29. Ba1 Kf8 30. Bb2 Ke8 31. Kf2 Rh3 32. Kg2 Rxh4 33. Bc1 h6 34. gxh6 Rxh6 35. Kg3 Rh1 36. Be3 Kd7 37. Rd2+ Kc6 38. Kg4 a6 39. Rc2 b5 40. Bf2 Rh8 41. Bg3 Rd8 42. Bf2 bxc4 43. a4 Rb8 44. Be1 Rb1 45. Ba5 Rd1 46. Rxc4 Rd4 47. Rxd4 cxd4 48. f5 gxf5+ 49. exf5 Kd5 50. Kf4 Bf8 51. fxe6 fxe6 52. Bc7 Bh6+ 53. Kf3 d3 54. Kf2 Ke4 55. Ke1 Bf4 0-1

[Event "Serbian League Women 2024"]
[Site "Bajina Basta"]
[Date "2024.10.02"]
[Round "6.16"]
[White "Srdanovic, Jovana"]
[Black "Stankovic, Andrea"]
[Result "1-0"]
[ECO "E01"]
[WhiteElo "2142"]
[BlackElo "1856"]
[Annotator "NA RC"]
[PlyCount "59"]
[EventDate "2024.09.26"]
[EventType "team-tourn"]
[EventCountry "SRB"]
[SourceTitle "playchess.com"]
[Source "ChessBase"]
[SourceQuality "1"]
[TimeControl "40/5400+30:1800+30"]

1. d4 Nf6 2. c4 e6 3. g3 Bb4+ 4. Nd2 O-O 5. Bg2 d5 6. Ngf3 Ne4 7. O-O Nc6 8. e3 b6 $16 (8... Bd6 $14) 9. Qc2 Nxd2 10. Bxd2 Bb7 11. cxd5 exd5 12. Ne5 Qd6 13. Nxc6 Bxd2 14. Bxd5 Kh8 15. Bg2 Bxc6 16. Bxc6 Rab8 17. a3 b5 18. b4 a5 19. Qxd2 Qxc6 20. Rfc1 Qb7 21. bxa5 c6 22. Qb4 Qa6 23. a4 bxa4 24. Qxa4 Rb5 25. Qc4 Rc8 26. Qxf7 Rxa5 27. Rxa5 Qxa5 28. Qe6 Qa8 29. Rc5 Rf8 30. Qxc6 1-0

[Event "Serbian League Women 2024"]
[Site "Bajina Basta"]
[Date "2024.10.02"]
[Round "6.17"]
[White "Gaponenko, Inna"]
[Black "Osmak, Yuliia"]
[Result "1/2-1/2"]
[ECO "B22"]
[WhiteElo "2324"]
[BlackElo "2471"]
[Annotator "TA"]
[PlyCount "106"]
[EventDate "2024.09.26"]
[EventType "team-tourn"]
[EventCountry "SRB"]
[SourceTitle "playchess.com"]
[Source "ChessBase"]
[SourceQuality "1"]
[TimeControl "40/5400+30:1800+30"]

1. e4 c5 2. c3 d5 3. exd5 Qxd5 4. d4 Nf6 5. Nf3 e6 6. Na3 Qd8 7. Nc4 Nc6 8. Be3 Nd5 9. dxc5 {[%emt 0:13:11] Black should prevent Qd2.} Nxe3 10. Qxd8+ Nxd8 11. fxe3 {[%emt 0:29:15] aiming for b4.} Bxc5 12. b4 Be7 13. O-O-O f6 14. Kb2 Bd7 15. Rd2 Nf7 16. Bd3 O-O-O 17. Rhd1 g6 18. Bc2 Kc7 (18... e5 {simplifies} 19. e4 Bc6 20. Na5 Rxd2 21. Nxd2 Bd7) 19. Bb3 Rhe8 20. Rxd7+ Rxd7 21. Rxd7+ Kxd7 22. Ba4+ Kd8 23. Bxe8 Kxe8 $11 {[%emt 0:00:04][%mdl 4096] Endgame. KBN-KNN} 24. Na5 Nd6 25. Nd2 Kd7 26. Kc2 f5 27. Kd3 e5 28. e4 Bg5 {[%emt 0:00:56] ...Bxd2 is the strong threat.} 29. Nac4 Bxd2 30. Nxd2 {[%emt 0:00:01] KN-KN} b5 {[%emt 0:01:36] [#] Hoping for ...Nxe4.} 31. exf5 gxf5 32. c4 $1 a6 33. cxb5 (33. a3 $11) 33... axb5 $17 34. Nb1 Ne4 35. Na3 $1 Kc6 36. Nc2 Nf2+ 37. Ke2 {[%emt 0:00:15] [#]} Ng4 38. h3 Nf6 39. Kd3 f4 {[%emt 0:03:39] Inhibits Ne3.} (39... Nd5 $17 {And now ...Nf4+ would win.} 40. g3 Kd7) 40. Na3 {[%emt 0:00:25] The position is equal.} h5 41. h4 Kb6 42. Nb1 Kc7 43. Nc3 Kc6 44. a3 Nd5 {[%emt 0:03:14] Strongly threatening ...Nxc3.} 45. Ne4 Kd7 46. Nc5+ Kd6 47. Ke4 Nc3+ 48. Kd3 Nd1 49. Ke4 Nf2+ 50. Kf3 Ng4 51. Ke4 Nf2+ 52. Kf3 Ng4 53. Ke4 Nf2+ {[%emt 0:00:03] Weighted Error Value: White=0.07 (flawless) /Black=0.06 (flawless) .  Mistake:       	White=1     	Black=1      Inaccurate:     	White=1     	Black=3      OK:         	White=19    	Black=19     Best:        	White=4     	Black=3      Strong:       	White=2     	---} 1/2-1/2

[Event "Serbian League Women 2024"]
[Site "Bajina Basta"]
[Date "2024.10.02"]
[Round "6.18"]
[White "Roebers, Eline"]
[Black "Doluhanova, Evgeniya"]
[Result "1-0"]
[ECO "B90"]
[WhiteElo "2340"]
[BlackElo "2304"]
[Annotator "TA"]
[PlyCount "67"]
[EventDate "2024.09.26"]
[EventType "team-tourn"]
[EventCountry "SRB"]
[SourceTitle "playchess.com"]
[Source "ChessBase"]
[SourceQuality "1"]
[TimeControl "40/5400+30:1800+30"]

1. e4 c5 2. Nf3 d6 3. d4 cxd4 4. Nxd4 Nf6 5. Nc3 a6 6. h3 e5 7. Nf3 b5 8. a4 b4 9. Nd5 {[%emt 0:00:05] White is slightly better.} Bb7 10. Nxf6+ gxf6 11. Bd3 d5 (11... Nd7 $11) 12. Nd2 (12. Qe2 $1 $16) 12... f5 13. exd5 (13. Qh5 $1 $16) 13... Qxd5 $11 14. Qe2 Nc6 {[%emt 0:07:57] Threatens to win with ...Nd4.} 15. Nf3 e4 {[%emt 0:05:17] ...0-0-0 would now be deadly.} 16. Bc4 Qd7 17. Bf4 $36 {[%emt 0:03:18][%mdl 2048] White fights for an advantage.} (17. O-O $5) 17... Rg8 {[%emt 0:11:38] [#]} (17... O-O-O $11 18. Ne5 Nxe5 19. Bxe5 Rg8 20. Bxa6 Qd5) 18. Ng5 $1 $16 {[%emt 0:20:27] White leaves nothing to chance now.} (18. Rd1 $6 Qe7 19. Nd4 Nxd4 20. Rxd4 Qf6 $11) 18... Rg7 (18... Nd4 $16 {might work better.} 19. Qd1 Ne6 20. Qxd7+ (20. Nxh7 Qxd1+ 21. Rxd1 Be7 $15) 20... Kxd7 21. O-O-O+ (21. Nxh7 Nxf4 22. Nf6+ Kc7 $17) 21... Ke7 22. Bd6+ (22. Nxh7 $2 Nxf4 23. g3 Rc8 $19) 22... Ke8 23. Nxe6 (23. Bxe6 Bxd6 24. Nxf7 Bf4+ 25. Kb1 Ke7 $14) 23... fxe6) 19. Rd1 $18 Nd4 $2 (19... Qe7) 20. Qh5 {[%emt 0:10:40] Nxf7 is the strong threat.} (20. Bxf7+ Qxf7 (20... Rxf7 21. Qc4 $14) 21. Rxd4 Qf6 $11) 20... O-O-O 21. Nxf7 e3 22. Nxd8 (22. Bxe3 Re8 23. Rxd4 Qxd4 $18) 22... exf2+ 23. Kxf2 Kxd8 24. Be3 Bc5 25. Qh4+ Kc8 26. Rxd4 Rxg2+ 27. Ke1 Bxd4 28. Qxd4 ({Weaker is} 28. Bxd4 Rxc2 (28... Qxa4 $2 {perishes.} 29. Be6+ $18) 29. Be3 Qc6 $15 (29... Bxh1 30. Qf6 $14)) 28... Rxc2 (28... Qxd4 $142 29. Bxd4 Rxc2) 29. Qh8+ Kc7 30. Bf4+ Kb6 {[%emt 0:00:32] [#]} 31. Be3+ $2 ({Only move:} 31. Qf6+ $1 $18 Ka7 32. Be3+ Kb8 33. Be6) 31... Kc6 $2 (31... Kc7 $11) 32. Be2 {[%emt 0:03:07] Strongly threatening Rg1.} Qe7 33. Qd4 Kc7 34. Rg1 {[%emt 0:00:08] Weighted Error Value: White=0.31/Black=0.50.  Mistake:       	White=2     	Black=6      Inaccurate:     	---       	Black=2      OK:         	White=5     	Black=5      Best:        	White=4     	Black=2      Strong:       	White=1     	---} 1-0

[Event "Serbian League Women 2024"]
[Site "Bajina Basta"]
[Date "2024.10.02"]
[Round "6.21"]
[White "Garifullina, Leya"]
[Black "Pogorelskikh, Sofia"]
[Result "1/2-1/2"]
[ECO "B45"]
[WhiteElo "2438"]
[BlackElo "2176"]
[Annotator "TA"]
[PlyCount "78"]
[EventDate "2024.09.26"]
[EventType "team-tourn"]
[EventCountry "SRB"]
[SourceTitle "playchess.com"]
[Source "ChessBase"]
[SourceQuality "1"]
[TimeControl "40/5400+30:1800+30"]

1. e4 c5 2. Nf3 e6 3. d4 cxd4 4. Nxd4 Nf6 5. Nc3 Nc6 6. Nxc6 bxc6 7. e5 Nd5 8. Ne4 Bb7 9. Be2 c5 10. O-O Qc7 {[%emt 0:00:54] [#]} 11. Nd6+ $1 {[%emt 0:00:55] White is slightly better.} Bxd6 12. exd6 Qc6 (12... Qxd6 $2 13. c4 $18) 13. f3 e5 (13... Qxd6 $2 14. c4 $18) 14. c4 Nf4 15. Bxf4 exf4 16. Qd2 O-O $1 17. Bd3 Rae8 18. Qxf4 Re6 19. Rad1 g6 {[%emt 0:00:49] Against Bf5} 20. b3 Qa6 21. Bb1 Qa5 22. Qd2 Qxd2 23. Rxd2 Rfe8 24. Kf2 a5 25. Bc2 Bc6 26. Rb1 Kg7 27. a3 Rb8 28. g4 (28. h4 $11) 28... Rf6 {[%emt 0:12:19][%mdl 1024] Black has compensation.} 29. Bd1 Rf4 30. Rc1 g5 {[%emt 0:05:47][%cal Oc6f3] White must now prevent ...Bxf3!} 31. Rc3 {[%emt 0:01:18] [#]} h5 $1 {[%emt 0:05:46] The position is equal.} 32. h3 hxg4 33. hxg4 Rh8 34. Kg3 Rh1 35. Re3 Kf6 {[%emt 0:06:41] Prevents Re5} 36. Kg2 Rh8 ({But not} 36... Rd4 $6 37. Rxd4 cxd4 38. Rd3 $16 (38. Kxh1 dxe3 39. Kg2 Ke6 $16)) 37. Kg3 Rh1 38. Kg2 Rh8 ({Much worse is} 38... Rd4 $6 39. Rxd4 cxd4 40. Rd3 $16 (40. Kxh1 dxe3 41. Kg2 Ke6 $16)) 39. Kg3 Rh1 {[%emt 0:01:33] Weighted Error Value: White=0.07 (flawless) /Black=0.03 (flawless) .  Mistake:       	White=1     	---        OK:         	White=16    	Black=19     Best:        	---       	Black=2      Strong:       	---       	Black=1} 1/2-1/2

[Event "Serbian League Women 2024"]
[Site "Bajina Basta"]
[Date "2024.10.02"]
[Round "6.22"]
[White "Zherebtsova, Alexandra"]
[Black "Rakhmangulova, Anastasiya"]
[Result "1-0"]
[ECO "A42"]
[WhiteElo "2239"]
[BlackElo "2283"]
[Annotator "TA"]
[PlyCount "107"]
[EventDate "2024.09.26"]
[EventType "team-tourn"]
[EventCountry "SRB"]
[SourceTitle "playchess.com"]
[Source "ChessBase"]
[SourceQuality "1"]
[TimeControl "40/5400+30:1800+30"]

1. d4 g6 2. e4 Bg7 3. c4 d6 4. Nc3 e5 5. d5 Nd7 6. Bd3 h5 7. Nf3 a5 8. h3 Bh6 {[%emt 0:04:25] White is slightly better.} 9. Bxh6 Rxh6 10. Qd2 {[%emt 0:01:29] White is more active.} Nc5 11. O-O-O h4 12. Bc2 Bd7 13. Kb1 Rh5 14. Rde1 a4 15. Bd1 Kf8 (15... Qe7 $11 {remains equal.}) 16. Nh2 Rh8 17. Rhf1 g5 $1 18. Bg4 f6 19. Bxd7 Qxd7 20. Ng4 Kg7 21. Rh1 Ne7 22. g3 Ng6 23. Ne3 Kf7 24. Ref1 Raf8 25. Qe2 Ke8 26. Nf5 Kd8 27. Qf3 Kc8 28. Nd1 (28. Kc2 $1 $14) 28... Kb8 $11 29. Re1 Rh7 30. Nc3 Qd8 31. Re3 hxg3 $1 32. fxg3 Rfh8 33. Qf1 Qd7 34. Re2 Rh5 35. Reh2 g4 36. h4 {[%emt 0:01:56] [#]} (36. Qg2 $11) 36... Nxe4 $1 $17 37. Nxe4 Rxf5 (37... Qxf5 $6 38. Qe1 $11) 38. Qe2 Rf3 {[%emt 0:00:16] White must now prevent ...f5.} 39. h5 $2 (39. c5 $17) 39... Nf8 40. c5 dxc5 41. Rd1 Qf5 (41... Qh7 $17 42. Ka1 Qe7) 42. Ka1 $1 $15 Nd7 (42... Rxh5 43. Rxh5 Qxh5 44. Qb5 $16) 43. d6 {[%emt 0:00:00] [#]} ({White should play} 43. a3 $1 $15) 43... c6 $1 $19 (43... Rxh5 $2 44. dxc7+ Kxc7 45. Rxh5 Qxh5 46. Qb5 $18) 44. h6 (44. a3 {might work better.}) 44... b6 (44... Qg6 $19 {has better winning chances.} 45. Qc4 b5 (45... Rxh6 46. Rxh6 Qxh6 47. Qf7 $11)) 45. Qc4 $17 Kb7 {[%emt 0:00:54] ...Re3 would now be deadly.} 46. a3 Rh7 (46... Re3 $17 47. Nd2 Qg6 (47... Rxg3 $2 48. Qf7 $19)) 47. Re1 $11 Qg6 (47... b5 $5 48. Qg8 $8 Rf1 49. Rxf1 Qxf1+ 50. Ka2 Qd3 (50... Qf5 51. Re2 $11) 51. Qxh7 Qb3+ 52. Kb1 Qd1+ 53. Ka2 Qb3+ 54. Kb1 Qd1+ 55. Ka2 Qb3+ $11) 48. Qe6 {[%emt 0:01:17] Repels f5} Nf8 $2 {[%emt 0:01:52][%mdl 8192] [#]} (48... Rxh6 49. Qxd7+ Ka6 50. Qxc6 (50. Qc8+ Kb5 $18) 50... Ka7 51. d7 (51. Qxa4+ Kb8 $18) 51... Rd3 52. Nd6 (52. Qxa4+ Kb7 $18) 52... Rxd6 53. Qxd6) (48... Rd3 $11 {and Black is okay.} 49. Rh4 Rd4 50. Rxg4 Qxh6) 49. Qe7+ $3 $18 Nd7 (49... Rxe7 50. dxe7 Nh7 51. Rd2 $18 (51. Nd6+ Ka6 $18)) 50. Qd8 {[%emt 0:00:17] Repels Qg8. And now Qc7+ would win.} f5 (50... Rxh6 51. Qxd7+ Kb8 52. Qc7+ Ka8 53. d7 (53. Qxc6+ Ka7 54. d7 Rd3 55. Qc7+ Ka6 56. Qc8+ Ka7 57. Nc3 b5 58. Qc7+ Ka8) 53... Rd3 54. Rd2 (54. d8=R+ Rxd8 55. Qxd8+ Ka7 56. Qd7+ Ka6 57. Rxh6 Qg8 58. Qxc6 Ka7 59. Nd6 Qf7 60. Nxf7 f5 61. Qxb6+ Ka8 62. Rh8#) (54. Nd6 Rxd6 55. Qxd6 Qg8 56. d8=R+ Qxd8 57. Qxd8+ Kb7 58. Rxh6 c4 59. Qe7+ Ka6 60. Rh8 b5 61. Ra8+ Kb6 62. Qa7#) 54... Qg8 55. Rxd3 (55. Qc8+ Ka7 56. Qxg8 Rxd2 57. Nxd2 Rh8 58. Qxh8 c4 59. d8=Q Ka6 60. Qa8+ Kb5 61. Qxf6 c5 62. Qfc6#) (55. Qc8+ Ka7 56. Qxg8 Rxd2 57. Nxd2 Rh8 58. Qxh8 c4 59. d8=Q Ka6 60. Qa8+ Kb5 61. Qxf6 c5 62. Qfc6#)) 51. Ng5 Nf8 (51... Rd3 $142 52. Qc7+ Ka6) 52. Nxh7 (52. Rxe5 Rf1+ 53. Ka2 Rd7 54. Qxf8 Qxg5 $11) (52. Qxf8 Qxg5 53. d7 Rd3 (53... Rxd7 54. h7 $11) 54. Qc8+ (54. Rxe5 Qc1+ 55. Ka2 Qc4+ 56. b3 Qxb3+ 57. Ka1 Rd1#) 54... Ka7 $11) 52... Nxh7 53. Qc7+ (53. Rxe5 {leads to mate.} Rf1+ (53... Rxg3 $2 {perishes.} 54. Qe7+ Ka6 55. d7 $18) (53... Rxg3 $2 {is the wrong capture.} 54. Qe7+ Ka6 55. d7 $18)) 53... Ka6 54. d7 {[%emt 0:00:17] Weighted Error Value: White=0.18 (very precise) /Black=0.33.  Loses game:     	White=1     	Black=1      Mistake:       	White=4     	Black=5      Inaccurate:     	White=3     	Black=5      OK:         	White=14    	Black=18     Best:        	White=2     	Black=1      Strong:       	White=1     	Black=3      Brilliant:      	White=1     	Black=1} 1-0

[Event "Serbian League Women 2024"]
[Site "Bajina Basta"]
[Date "2024.10.02"]
[Round "6.23"]
[White "Mandura, Tijana"]
[Black "Ibrahimova, Sabina"]
[Result "1/2-1/2"]
[ECO "C47"]
[WhiteElo "2207"]
[BlackElo "2199"]
[Annotator "NA RC"]
[PlyCount "50"]
[EventDate "2024.09.26"]
[EventType "team-tourn"]
[EventCountry "SRB"]
[SourceTitle "playchess.com"]
[Source "ChessBase"]
[SourceQuality "1"]
[TimeControl "40/5400+30:1800+30"]

1. e4 e5 2. Nf3 Nf6 3. Nc3 Nc6 4. d4 exd4 5. Nxd4 Bb4 6. Nxc6 bxc6 7. Bd3 d5 8. exd5 O-O 9. O-O Bg4 10. f3 Bh5 11. Bg5 Qd6 12. Bxf6 Qxf6 $11 13. dxc6 Bxc3 14. bxc3 Qxc3 15. Be4 Qc5+ 16. Kh1 Rad8 17. Qe1 Bg6 18. Rb1 Bxe4 19. Qxe4 Rd6 20. Rfe1 h6 21. Qe7 Rxc6 22. Rb7 Qxe7 23. Rxe7 Rxc2 24. Rexc7 Rxa2 25. Rxa7 Rxa7 1/2-1/2

[Event "Serbian League Women 2024"]
[Site "Bajina Basta"]
[Date "2024.10.02"]
[Round "6.24"]
[White "Djukic, Sandra"]
[Black "Eric, Jovana"]
[Result "1/2-1/2"]
[ECO "D12"]
[WhiteElo "2126"]
[BlackElo "2162"]
[Annotator "TA"]
[PlyCount "74"]
[EventDate "2024.09.26"]
[EventType "team-tourn"]
[EventCountry "SRB"]
[SourceTitle "playchess.com"]
[Source "ChessBase"]
[SourceQuality "1"]
[TimeControl "40/5400+30:1800+30"]

1. d4 d5 2. c4 c6 3. Nf3 Nf6 4. e3 Bf5 5. Bd3 Bxd3 6. Qxd3 e6 7. O-O Nbd7 8. Nc3 Bd6 9. e4 dxe4 10. Nxe4 Nxe4 11. Qxe4 Nf6 12. Qe2 O-O 13. Bg5 h6 14. Bh4 Be7 15. Rad1 a5 16. Ne5 a4 17. Rd3 Nd7 18. Bxe7 Qxe7 19. Rg3 Nxe5 20. Qxe5 {[%emt 0:01:47][%csl Gg3][%cal Re5g7] [#]} f6 21. Qe3 Kh8 22. h3 Rfd8 23. Re1 Qf7 24. Qxe6 Qxe6 25. Rxe6 {[%emt 0:00:02] Strongly threatening Re7.} Rxd4 $11 {[%emt 0:00:06][%mdl 4096] Endgame. KRR-KRR} 26. Re7 Rg8 27. Rxb7 Rxc4 28. Rd3 Rc1+ 29. Kh2 Rc2 30. Kg3 c5 31. Ra3 Ra8 32. b3 Rc3+ 33. f3 Ra5 34. Rxa4 Rxa4 {[%emt 0:00:05] The position is equal.} 35. bxa4 {[%emt 0:00:03] [#] Rb3 is the strong threat.} Ra3 36. Rc7 Rxa4 37. Rxc5 Rxa2 {[%emt 0:00:37] Weighted Error Value: White=0.08 (flawless) /Black=0.07 (flawless) .  Inaccurate:     	White=2     	Black=3      OK:         	White=5     	Black=7      Best:        	White=1     	Black=2} 1/2-1/2